Penguins vs Rangers

Created - 15 mars 2019 at 23:02

Goals
1 2 3 OT1 T
Penguins 2 0 1 1 4
Rangers 0 1 2 0 3
Shots
1 2 3 OT1 T
Penguins 6 7 12 3 28
Rangers 2 14 8 2 26

1st period

1. Penguins , Phil Kessel 13 (Ryan Ellis 35, Pierre-Luc Dubois 11) at 8:37 (PP)
2. Penguins , Ryan Ellis 10 (Nikita Kucherov 30, Cody Ceci 16) at 15:51 (PP)

Penalties :
Michael Del Zotto (NYR) for Holding (Minor) at 7:37, Nick Leddy (NYR) for Cross-checking (Minor) at 15:09

2nd period

3. Rangers , Vincent Trocheck 26 (Nick Leddy 49, Michael Del Zotto 16) at 19:33 (SH)

Penalties :
Jeff Petry (PIT) for Slashing (Minor) at 2:48, Anthony Mantha (NYR) for Tripping (Minor) at 17:39

3rd period

4. Rangers , Alex Goligoski 8 (James Neal 12, Connor McDavid 32) at 9:52 (PP)
5. Rangers , Michael Del Zotto 9 (Mark Letestu 11, Jamie McGinn 15) at 10:13
6. Penguins , Ryan Ellis 11 (David Perron 15, Connor Hellebuyck) at 15:37 (PP)

Penalties :
Vincent Trocheck (NYR) for Interference (Minor) at 0:59, Alexei Emelin (NYR) for Delaying the game (Minor) at 4:29, David Perron (PIT) for High sticking (Minor) at 8:25, Jamie McGinn (NYR) for Interference (Minor) at 14:48

Overtime #1

7. Penguins , Jonathan Huberdeau 22 (Ryan Suter 28) at 2:22

Penalties :
No Penalty

Goalie Stats

Connor Hellebuyck (PIT), 23 saves from 26 shots - (0.885), W, 35-15-2, 62:23 minutes
Andrei Vasilevskiy (NYR), 24 saves from 28 shots - (0.857), OTL, 29-22-10, 62:23 minutes

Players Stats for Penguins

Player Name              G  A  P  +/- PIM S  H  SB GA TA FO     MP     PP MP  PK MP  
------------------------------------------------------------------------------------
Adrian Kempe             0  0  0   0  0   0  0  0  0  0  3/11   10:48   0:00   0:00 
Clayton Keller           0  0  0   0  0   2  0  0  0  0  0/1    16:29   4:45   0:56 
Cody Ceci                0  1  1  -2  0   2  1  5  0  0  0/0    18:38   4:10   1:03 
Darren Archibald         0  0  0   0  0   0  0  0  0  0  0/0     7:35   0:00   0:56 
David Perron             0  1  1  -2  2   3  1  0  0  0  0/2    18:47   3:43   0:00 
Jeff Petry               0  0  0   0  2   0  2  1  0  0  0/0    17:21   0:00   0:45 
Jonathan Huberdeau       1  0  1   1  0   1  0  0  0  0  0/1    18:05   0:00   0:38 
Kevin Labanc             0  0  0   0  0   1  0  0  0  0  0/0     6:39   0:00   0:00 
Mark Giordano            0  0  0   0  0   1  2  3  0  0  0/0    24:19   4:18   1:38 
Max Domi                 0  0  0   0  0   1  0  0  0  0  0/0    11:18   0:00   0:00 
Nathan MacKinnon         0  0  0   0  0   1  2  0  0  0  17/30  20:49   4:45   0:00 
Nikita Kucherov          0  1  1   1  0   5  1  0  0  0  0/6    24:13   4:45   2:01 
Olli Maatta              0  0  0  -1  0   1  1  0  0  0  0/0    13:25   0:00   0:00 
Phil Kessel              1  0  1  -2  0   4  0  0  0  0  0/0    18:48   3:43   0:00 
Pierre-Luc Dubois        0  1  1  -2  0   0  2  0  0  0  9/22   18:48   3:43   0:00 
Ryan Ellis               2  1  3  -1  0   3  0  2  0  0  0/0    22:35   4:10   1:48 
Ryan Suter               0  1  1   1  0   2  3  0  0  0  0/0    26:04   4:18   1:38 
Tim Schaller             0  0  0   0  0   1  0  0  0  0  5/11    9:00   0:00   2:21 

Players Stats for Rangers

Player Name              G  A  P  +/- PIM S  H  SB GA TA FO     MP     PP MP  PK MP  
------------------------------------------------------------------------------------
Alex Goligoski           1  0  1  -1  0   3  1  3  0  0  0/0    26:48   1:43   4:35 
Alexander Radulov        0  0  0   0  0   1  1  0  0  0  1/3    16:40   1:54   0:00 
Alexei Emelin            0  0  0   1  2   0  0  0  0  0  0/0    14:09   0:00   0:55 
Anthony Mantha           0  0  0   0  2   1  0  0  0  0  0/0    16:17   1:54   0:05 
Benoit Pouliot           0  0  0   1  0   2  0  0  0  0  0/0     9:13   0:00   0:56 
Connor McDavid           0  1  1   0  0   2  1  0  0  0  12/25  23:19   1:32   4:49 
James Neal               0  1  1   0  0   3  3  0  0  0  0/0    17:29   1:32   0:00 
Jamie McGinn             0  1  1   1  2   1  0  0  0  0  0/0     8:16   0:00   0:00 
Joel Edmundson           0  0  0   0  0   0  2  0  0  0  0/0    16:34   0:00   0:17 
Mark Letestu             0  1  1   1  0   0  1  0  0  0  6/10    8:17   0:00   0:00 
Matt Niskanen            0  0  0   0  0   1  1  2  0  0  0/0    24:52   1:43   4:35 
Michael Del Zotto        1  1  2   2  2   1  0  2  0  0  0/0    18:25   1:43   3:28 
Nick Bonino              0  0  0   0  0   3  0  0  0  0  13/16  14:08   0:00   3:40 
Nick Leddy               0  1  1   1  2   1  2  0  0  0  0/0    21:32   1:43   3:06 
Noel Acciari             0  0  0   0  0   2  2  0  0  0  0/2    13:56   0:00   3:28 
Ondrej Palat             0  0  0   0  0   3  2  0  0  0  1/3    16:34   1:32   0:00 
Tom Kuhnhackl            0  0  0   0  0   1  2  0  0  0  0/1    10:28   0:00   0:00 
Vincent Trocheck         1  0  1   0  2   1  0  0  0  0  17/24  21:38   1:54   3:58 

3 Stars

1 - Ryan Ellis (PIT)
2 - Michael Del Zotto (NYR)
3 - Jonathan Huberdeau (PIT)

Power Play

Penguins - 3 on 6 Attempt(s) - 50.00%
Rangers - 1 on 2 Attempt(s) - 50.00%

Penalty Kill

Penguins - 1 on 2 Attempt(s) - 50.00% - Score 0 goal in Penalty Kill
Rangers - 3 on 6 Attempt(s) - 50.00% - Score 1 goal in Penalty Kill

Team Stat

Penguins - Hits : 15 - Faceoff Wins : 34 - Blocked Shots : 11 - Penalty Minutes : 4
Rangers - Hits : 18 - Faceoff Wins : 50 - Blocked Shots : 7 - Penalty Minutes : 12

Official

Referees : Dave Lewis and Francois StLaurent
Linesman : Tim Nowak and Scott Cherrey

Game Notes

No Game Note

Finance

Level 1 -- Attendance: 4357 (67.03%) -- Ticket Income 544 625 $
Level 2 -- Attendance: 4827 (96.54%) -- Ticket Income 362 025 $
Level 3 -- Attendance: 3149 (89.97%) -- Ticket Income 157 450 $
Level 4 -- Attendance: 2006 (100.00%) -- Ticket Income 50 150 $
Luxury Box -- Attendance: 706 (70.60%) -- Ticket Income 176 500 $
Game was played at the Madison Square Garden.
Total Attendance: 15045 (83.56%)
Total Ticket Income: 1 290 750 $
Other Income: 632 468 $
Total Income: 1 923 218 $

% Time on Ice - Penguins

Lines # - Real PCT - Wanted PCT - Time Play
Normal Forward
1 - 32% - 37% - 15:34
2 - 31% - 35% - 15:05
3 - 22% - 20% - 10:48
4 - 14% - 8% - 6:39
Normal Defense
1 - 38% - 40% - 18:04
2 - 35% - 35% - 16:37
3 - 28% - 25% - 13:25
4 - 0% - 0% - 0:00
PP Forward
1 - 56% - 60% - 4:45
2 - 44% - 40% - 3:43
PP Defense
1 - 51% - 60% - 4:18
2 - 49% - 40% - 4:10
PK Forward
1 - 73% - 60% - 2:30
2 - 27% - 40% - 0:56
PK Defense
1 - 52% - 60% - 1:48
2 - 48% - 40% - 1:38
PK3 Forward
1 - 0% - 60%
2 - 0% - 40%
PK3 Defense
1 - 0% - 60%
2 - 0% - 40%
44 Forward
1 - 0% - 60%
2 - 0% - 40%
44 Defense
1 - 0% - 60%
2 - 0% - 40%
Last Minute Offensive  - 0:00
Last Minute Defensive  - 0:00
Total
Forward - 60:00
Defense - 60:00

% Time on Ice - Rangers

Lines # - Real PCT - Wanted PCT - Time Play
Normal Forward
1 - 31% - 36% - 15:02
2 - 30% - 34% - 14:19
3 - 22% - 20% - 10:28
4 - 17% - 10% - 8:17
Normal Defense
1 - 37% - 43% - 17:39
2 - 34% - 32% - 16:17
3 - 28% - 20% - 13:15
4 - 2% - 5% - 0:55
PP Forward
1 - 45% - 55% - 1:32
2 - 55% - 45% - 1:54
PP Defense
1 - 50% - 55% - 1:43
2 - 50% - 45% - 1:43
PK Forward
1 - 69% - 55% - 5:50
2 - 31% - 45% - 2:38
PK Defense
1 - 55% - 55% - 4:40
2 - 45% - 45% - 3:48
PK3 Forward
1 - 0% - 60%
2 - 0% - 40%
PK3 Defense
1 - 0% - 60%
2 - 0% - 40%
44 Forward
1 - 0% - 60%
2 - 0% - 40%
44 Defense
1 - 0% - 60%
2 - 0% - 40%
Last Minute Offensive  - 0:00
Last Minute Defensive  - 0:00
Total
Forward - 60:00
Defense - 60:00

Play-by-Play

1st period


0:01 of 1st period - Nathan MacKinnon wins face-off versus Connor McDavid in neutral zone.
0:08 of 1st period - Shot by Nikita Kucherov.
0:08 of 1st period - Shot Blocked by Matt Niskanen.
0:17 of 1st period - Alex Goligoski is hit by Mark Giordano and loses puck.
0:23 of 1st period - Connor McDavid is hit by Ryan Suter and loses puck.
1:08 of 1st period - Shot by Vincent Trocheck.
1:08 of 1st period - Shot Misses the Net.
2:10 of 1st period - Olli Maatta is hit by Noel Acciari and loses puck.
2:33 of 1st period - Shot by Benoit Pouliot.
2:33 of 1st period - Stopped by Connor Hellebuyck without a rebound.
2:34 of 1st period - Tim Schaller wins face-off versus Connor McDavid in Penguins zone.
2:34 of 1st period - Tim Schaller is hit by James Neal.
2:45 of 1st period - Icing by Matt Niskanen.
2:46 of 1st period - Connor McDavid wins face-off versus Nathan MacKinnon in Rangers zone.
2:51 of 1st period - Ryan Suter is hit by Ondrej Palat and loses puck.
3:02 of 1st period - Shot by James Neal.
3:02 of 1st period - Shot Misses the Net.
3:41 of 1st period - Icing by Nathan MacKinnon.
3:42 of 1st period - Mark Letestu wins face-off versus Nathan MacKinnon in Penguins zone.
3:43 of 1st period - Shot by Benoit Pouliot.
3:43 of 1st period - Stopped by Connor Hellebuyck without a rebound.
3:44 of 1st period - Mark Letestu wins face-off versus Pierre-Luc Dubois in Penguins zone.
4:41 of 1st period - Shot by Clayton Keller.
4:41 of 1st period - Shot Misses the Net.
4:43 of 1st period - Shot by Olli Maatta.
4:43 of 1st period - Stopped by Andrei Vasilevskiy without a rebound.
4:44 of 1st period - Tim Schaller wins face-off versus Vincent Trocheck in Rangers zone.
4:47 of 1st period - Shot by Mark Giordano.
4:47 of 1st period - Shot Blocked by Alex Goligoski.
6:44 of 1st period - Shot by Phil Kessel.
6:44 of 1st period - Shot Misses the Net.
7:14 of 1st period - Shot by Phil Kessel.
7:14 of 1st period - Stopped by Andrei Vasilevskiy without a rebound.
7:15 of 1st period - Nathan MacKinnon wins face-off versus Mark Letestu in Rangers zone.
7:18 of 1st period - Shot by Nikita Kucherov.
7:18 of 1st period - Stopped by Andrei Vasilevskiy without a rebound.
7:19 of 1st period - Vincent Trocheck wins face-off versus Nathan MacKinnon in Rangers zone.
7:28 of 1st period - Shot by Vincent Trocheck.
7:28 of 1st period - Shot Misses the Net.
7:31 of 1st period - Icing by Ryan Suter.
7:32 of 1st period - Nathan MacKinnon wins face-off versus Noel Acciari in Penguins zone.
7:32 of 1st period - Nathan MacKinnon is hit by Tom Kuhnhackl.
7:37 of 1st period - Minor Penalty to Michael Del Zotto for Holding.
7:38 of 1st period - Vincent Trocheck wins face-off versus Nathan MacKinnon in Rangers zone.
8:01 of 1st period - Shot by Connor McDavid.
8:01 of 1st period - Shot Blocked by Mark Giordano.
8:31 of 1st period - Shot by Phil Kessel.
8:31 of 1st period - Shot Misses the Net.
8:33 of 1st period - Shot by Ryan Ellis.
8:33 of 1st period - Shot Blocked by Matt Niskanen.
8:35 of 1st period - Shot by Ryan Ellis.
8:35 of 1st period - Shot Misses the Net.
8:37 of 1st period - Shot by Ryan Ellis.
8:37 of 1st period - Deflect By Phil Kessel.
8:37 of 1st period - Goal by Phil Kessel - Penguins : 1 - Rangers : 0.
8:38 of 1st period - Mark Letestu wins face-off versus Tim Schaller in neutral zone.
8:51 of 1st period - Shot by Tim Schaller.
8:51 of 1st period - Shot Misses the Net.
9:01 of 1st period - Shot by Kevin Labanc.
9:01 of 1st period - Shot Misses the Net.
12:36 of 1st period - Icing by Michael Del Zotto.
12:37 of 1st period - Nick Bonino wins face-off versus Pierre-Luc Dubois in Rangers zone.
12:43 of 1st period - Noel Acciari is hit by Pierre-Luc Dubois and loses puck.
12:58 of 1st period - Shot by Phil Kessel.
12:58 of 1st period - Deflect By David Perron.
12:58 of 1st period - Shot Misses the Net.
13:04 of 1st period - Mark Giordano is hit by Noel Acciari and loses puck.
13:50 of 1st period - Off-side.
13:51 of 1st period - Tim Schaller wins face-off versus Connor McDavid in neutral zone.
14:14 of 1st period - Icing by Matt Niskanen.
14:15 of 1st period - Nathan MacKinnon wins face-off versus Connor McDavid in Rangers zone.
14:25 of 1st period - Icing by Matt Niskanen.
14:26 of 1st period - Pierre-Luc Dubois wins face-off versus Connor McDavid in Rangers zone.
14:56 of 1st period - Shot by David Perron.
14:56 of 1st period - Stopped by Andrei Vasilevskiy without a rebound.
14:57 of 1st period - Nathan MacKinnon wins face-off versus Vincent Trocheck in Rangers zone.
15:03 of 1st period - Jonathan Huberdeau is hit by Nick Leddy and loses puck.
15:09 of 1st period - Minor Penalty to Nick Leddy for Cross-checking.
15:10 of 1st period - Vincent Trocheck wins face-off versus Nathan MacKinnon in Rangers zone.
15:10 of 1st period - Vincent Trocheck is hit by Nathan MacKinnon.
15:49 of 1st period - Shot by Nikita Kucherov.
15:49 of 1st period - Shot Misses the Net.
15:51 of 1st period - Shot by Ryan Ellis.
15:51 of 1st period - Goal by Ryan Ellis - Penguins : 2 - Rangers : 0.
15:52 of 1st period - Pierre-Luc Dubois wins face-off versus Mark Letestu in neutral zone.
16:49 of 1st period - Darren Archibald is hit by Mark Letestu and loses puck.
17:07 of 1st period - Icing by Nick Leddy.
17:08 of 1st period - Nathan MacKinnon wins face-off versus Mark Letestu in Rangers zone.
17:30 of 1st period - Icing by Benoit Pouliot.
17:31 of 1st period - Mark Letestu wins face-off versus Adrian Kempe in Rangers zone.
17:59 of 1st period - Shot by James Neal.
17:59 of 1st period - Deflect By Connor McDavid.
17:59 of 1st period - Shot Misses the Net.
18:31 of 1st period - Shot by Jonathan Huberdeau.
18:31 of 1st period - Shot Misses the Net.
18:52 of 1st period - Off-side.
18:53 of 1st period - Nick Bonino wins face-off versus Pierre-Luc Dubois in neutral zone.
19:00 of 1st period - Shot by Nick Bonino.
19:00 of 1st period - Shot Misses the Net.
19:02 of 1st period - Shot by Nick Bonino.
19:02 of 1st period - Shot Blocked by Cody Ceci.
19:44 of 1st period - Off-side.
19:45 of 1st period - Nathan MacKinnon wins face-off versus Connor McDavid in neutral zone.
Goals for this period are 2 for Penguins vs 0 for Rangers.
Shots for this period are 6 for Penguins vs 2 for Rangers.

2nd period


0:01 of 2nd period - Nathan MacKinnon wins face-off versus Vincent Trocheck in neutral zone.
0:32 of 2nd period - Off-side.
0:33 of 2nd period - Connor McDavid wins face-off versus Pierre-Luc Dubois in neutral zone.
0:50 of 2nd period - Off-side.
0:51 of 2nd period - Nick Bonino wins face-off versus Adrian Kempe in neutral zone.
1:06 of 2nd period - Shot by Noel Acciari.
1:06 of 2nd period - Stopped by Connor Hellebuyck with a rebound.
1:14 of 2nd period - Shot by Nick Bonino.
1:14 of 2nd period - Stopped by Connor Hellebuyck without a rebound.
1:15 of 2nd period - Connor McDavid wins face-off versus Jonathan Huberdeau in Penguins zone.
1:27 of 2nd period - Shot by James Neal.
1:27 of 2nd period - Shot Blocked by Ryan Ellis.
1:37 of 2nd period - Shot by James Neal.
1:37 of 2nd period - Stopped by Connor Hellebuyck without a rebound.
1:38 of 2nd period - Vincent Trocheck wins face-off versus Pierre-Luc Dubois in Penguins zone.
1:38 of 2nd period - Vincent Trocheck is hit by Mark Giordano.
1:46 of 2nd period - Shot by Alexander Radulov.
1:46 of 2nd period - Shot Blocked by Mark Giordano.
2:29 of 2nd period - Vincent Trocheck is hit by Jeff Petry and loses puck.
2:37 of 2nd period - Icing by Jeff Petry.
2:38 of 2nd period - Nathan MacKinnon wins face-off versus Connor McDavid in Penguins zone.
2:40 of 2nd period - Ryan Ellis is hit by James Neal and loses puck.
2:48 of 2nd period - Minor Penalty to Jeff Petry for Slashing.
2:49 of 2nd period - Connor McDavid wins face-off versus Tim Schaller in Penguins zone.
3:02 of 2nd period - Shot by Alex Goligoski.
3:02 of 2nd period - Shot Misses the Net.
3:04 of 2nd period - Shot by Connor McDavid.
3:04 of 2nd period - Stopped by Connor Hellebuyck with a rebound.
3:06 of 2nd period - Shot by Ondrej Palat.
3:06 of 2nd period - Shot Blocked by Cody Ceci.
3:08 of 2nd period - Shot by Ondrej Palat.
3:08 of 2nd period - Stopped by Connor Hellebuyck without a rebound.
3:09 of 2nd period - Connor McDavid wins face-off versus Tim Schaller in Penguins zone.
3:51 of 2nd period - Icing by Anthony Mantha.
3:52 of 2nd period - Vincent Trocheck wins face-off versus Clayton Keller in Rangers zone.
4:24 of 2nd period - Shot by Jonathan Huberdeau.
4:24 of 2nd period - Deflect By Tim Schaller.
4:24 of 2nd period - Shot Misses the Net.
4:30 of 2nd period - Mark Giordano is hit by Alexander Radulov and loses puck.
4:49 of 2nd period - Cody Ceci is hit by Tom Kuhnhackl and loses puck.
4:54 of 2nd period - Shot by Nick Bonino.
4:54 of 2nd period - Shot Misses the Net.
4:56 of 2nd period - Shot by Nick Bonino.
4:56 of 2nd period - Shot Blocked by Cody Ceci.
4:58 of 2nd period - Shot by Noel Acciari.
4:58 of 2nd period - Deflect By Nick Bonino.
4:58 of 2nd period - Shot Misses the Net.
5:00 of 2nd period - Shot by Tom Kuhnhackl.
5:00 of 2nd period - Stopped by Connor Hellebuyck with a rebound.
5:02 of 2nd period - Shot by Tom Kuhnhackl.
5:02 of 2nd period - Shot Misses the Net.
5:24 of 2nd period - Shot by Noel Acciari.
5:24 of 2nd period - Stopped by Connor Hellebuyck without a rebound.
5:25 of 2nd period - Connor McDavid wins face-off versus Adrian Kempe in Penguins zone.
5:55 of 2nd period - Nick Leddy is hit by Jeff Petry and loses puck.
6:31 of 2nd period - Alex Goligoski is hit by Nikita Kucherov and loses puck.
6:42 of 2nd period - Shot by Alexander Radulov.
6:42 of 2nd period - Shot Misses the Net.
6:44 of 2nd period - Shot by Alex Goligoski.
6:44 of 2nd period - Stopped by Connor Hellebuyck without a rebound.
6:45 of 2nd period - Pierre-Luc Dubois wins face-off versus Nick Bonino in Penguins zone.
7:24 of 2nd period - Tom Kuhnhackl is hit by Cody Ceci and loses puck.
8:46 of 2nd period - Ryan Suter is hit by Ondrej Palat and loses puck.
9:21 of 2nd period - Shot by Clayton Keller.
9:21 of 2nd period - Stopped by Andrei Vasilevskiy without a rebound.
9:22 of 2nd period - Adrian Kempe wins face-off versus Vincent Trocheck in Rangers zone.
9:35 of 2nd period - Shot by Max Domi.
9:35 of 2nd period - Shot Misses the Net.
9:37 of 2nd period - Shot by Jeff Petry.
9:37 of 2nd period - Shot Hit the Post.
10:21 of 2nd period - Shot by Kevin Labanc.
10:21 of 2nd period - Stopped by Andrei Vasilevskiy without a rebound.
10:22 of 2nd period - Nick Bonino wins face-off versus David Perron in Rangers zone.
10:27 of 2nd period - Shot by Phil Kessel.
10:27 of 2nd period - Stopped by Andrei Vasilevskiy without a rebound.
10:28 of 2nd period - Tim Schaller wins face-off versus Tom Kuhnhackl in Rangers zone.
10:29 of 2nd period - Shot by Mark Giordano.
10:29 of 2nd period - Shot Misses the Net.
11:24 of 2nd period - Icing by Nick Leddy.
11:25 of 2nd period - Nathan MacKinnon wins face-off versus Connor McDavid in Rangers zone.
11:43 of 2nd period - Shot by Connor McDavid.
11:43 of 2nd period - Shot Misses the Net.
11:45 of 2nd period - Shot by Joel Edmundson.
11:45 of 2nd period - Shot Misses the Net.
11:54 of 2nd period - Jeff Petry is hit by Nick Leddy and loses puck.
11:58 of 2nd period - Nathan MacKinnon is hit by Joel Edmundson and loses puck.
12:30 of 2nd period - Shot by Alexander Radulov.
12:30 of 2nd period - Shot Blocked by Cody Ceci.
12:32 of 2nd period - Shot by Anthony Mantha.
12:32 of 2nd period - Stopped by Connor Hellebuyck without a rebound.
12:33 of 2nd period - Nick Bonino wins face-off versus Adrian Kempe in Penguins zone.
13:03 of 2nd period - Shot by Nick Bonino.
13:03 of 2nd period - Stopped by Connor Hellebuyck without a rebound.
13:04 of 2nd period - Vincent Trocheck wins face-off versus Pierre-Luc Dubois in Penguins zone.
13:11 of 2nd period - Shot by Phil Kessel.
13:11 of 2nd period - Deflect By Pierre-Luc Dubois.
13:11 of 2nd period - Shot Misses the Net.
13:25 of 2nd period - Off-side.
13:26 of 2nd period - Nathan MacKinnon wins face-off versus Connor McDavid in neutral zone.
13:26 of 2nd period - Jeff Petry is hit by James Neal and loses puck.
13:32 of 2nd period - Off-side.
13:33 of 2nd period - Connor McDavid wins face-off versus Nathan MacKinnon in neutral zone.
13:42 of 2nd period - Shot by Mark Giordano.
13:42 of 2nd period - Shot Misses the Net.
13:50 of 2nd period - Ryan Suter is hit by Connor McDavid and loses puck.
14:01 of 2nd period - Shot by Alex Goligoski.
14:01 of 2nd period - Stopped by Connor Hellebuyck with a rebound.
14:03 of 2nd period - Shot by Matt Niskanen.
14:03 of 2nd period - Stopped by Connor Hellebuyck without a rebound.
14:04 of 2nd period - Pierre-Luc Dubois wins face-off versus Vincent Trocheck in Penguins zone.
14:23 of 2nd period - Shot by Anthony Mantha.
14:23 of 2nd period - Shot Blocked by Jeff Petry.
14:41 of 2nd period - Shot by Alexander Radulov.
14:41 of 2nd period - Shot Misses the Net.
14:47 of 2nd period - Shot by Alexander Radulov.
14:47 of 2nd period - Shot Misses the Net.
15:08 of 2nd period - Off-side.
15:09 of 2nd period - Nathan MacKinnon wins face-off versus Ondrej Palat in neutral zone.
15:40 of 2nd period - Shot by Nikita Kucherov.
15:40 of 2nd period - Stopped by Andrei Vasilevskiy without a rebound.
15:41 of 2nd period - Nick Bonino wins face-off versus Adrian Kempe in Rangers zone.
16:41 of 2nd period - Icing by Ryan Ellis.
16:42 of 2nd period - Ondrej Palat wins face-off versus Tim Schaller in Penguins zone.
16:53 of 2nd period - Shot by Ondrej Palat.
16:53 of 2nd period - Stopped by Connor Hellebuyck without a rebound.
16:54 of 2nd period - Vincent Trocheck wins face-off versus Nathan MacKinnon in Penguins zone.
17:37 of 2nd period - Vincent Trocheck is hit by Ryan Suter and loses puck.
17:39 of 2nd period - Minor Penalty to Anthony Mantha for Tripping.
17:40 of 2nd period - Vincent Trocheck wins face-off versus Pierre-Luc Dubois in Rangers zone.
17:51 of 2nd period - Shot by David Perron.
17:51 of 2nd period - Stopped by Andrei Vasilevskiy without a rebound.
17:52 of 2nd period - Pierre-Luc Dubois wins face-off versus Nick Bonino in Rangers zone.
17:53 of 2nd period - Shot by Phil Kessel.
17:53 of 2nd period - Shot Misses the Net.
17:55 of 2nd period - Shot by Cody Ceci.
17:55 of 2nd period - Shot Misses the Net.
18:11 of 2nd period - Shot by David Perron.
18:11 of 2nd period - Shot Misses the Net.
18:13 of 2nd period - Shot by Ryan Ellis.
18:13 of 2nd period - Shot Misses the Net.
18:15 of 2nd period - Shot by Cody Ceci.
18:15 of 2nd period - Deflect By Phil Kessel.
18:15 of 2nd period - Stopped by Andrei Vasilevskiy with a rebound.
18:17 of 2nd period - Shot by Cody Ceci.
18:17 of 2nd period - Stopped by Andrei Vasilevskiy with a rebound.
19:01 of 2nd period - Shot by Mark Giordano.
19:01 of 2nd period - Shot Blocked by Michael Del Zotto.
19:33 of 2nd period - Shot by Vincent Trocheck.
19:33 of 2nd period - Goal by Vincent Trocheck - Penguins : 2 - Rangers : 1.
19:34 of 2nd period - Nick Bonino wins face-off versus Pierre-Luc Dubois in neutral zone.
19:55 of 2nd period - Shot by Jamie McGinn.
19:55 of 2nd period - Shot Misses the Net.
Goals for this period are 0 for Penguins vs 1 for Rangers.
Shots for this period are 7 for Penguins vs 14 for Rangers.

3rd period


0:01 of 3rd period - Nathan MacKinnon wins face-off versus Connor McDavid in neutral zone.
0:59 of 3rd period - Minor Penalty to Vincent Trocheck for Interference.
1:00 of 3rd period - Pierre-Luc Dubois wins face-off versus Nick Bonino in Rangers zone.
1:27 of 3rd period - Michael Del Zotto is hit by Pierre-Luc Dubois and loses puck.
2:16 of 3rd period - Shot by Ryan Suter.
2:16 of 3rd period - Shot Misses the Net.
2:46 of 3rd period - Icing by Ryan Suter.
2:47 of 3rd period - Nick Bonino wins face-off versus Nathan MacKinnon in Penguins zone.
3:03 of 3rd period - Ryan Ellis is hit by Joel Edmundson and loses puck.
3:24 of 3rd period - Shot by Tim Schaller.
3:24 of 3rd period - Stopped by Andrei Vasilevskiy with a rebound.
3:26 of 3rd period - Shot by Darren Archibald.
3:26 of 3rd period - Deflect By Tim Schaller.
3:26 of 3rd period - Shot Misses the Net.
3:54 of 3rd period - Michael Del Zotto is hit by David Perron and loses puck.
3:58 of 3rd period - Icing by Michael Del Zotto.
3:59 of 3rd period - Adrian Kempe wins face-off versus Mark Letestu in Rangers zone.
4:29 of 3rd period - Minor Penalty to Alexei Emelin for Delaying the game.
4:30 of 3rd period - Vincent Trocheck wins face-off versus David Perron in Rangers zone.
4:54 of 3rd period - Shot by David Perron.
4:54 of 3rd period - Stopped by Andrei Vasilevskiy with a rebound.
4:56 of 3rd period - Shot by Pierre-Luc Dubois.
4:56 of 3rd period - Shot Misses the Net.
4:58 of 3rd period - Shot by Ryan Suter.
4:58 of 3rd period - Stopped by Andrei Vasilevskiy without a rebound.
4:59 of 3rd period - Nathan MacKinnon wins face-off versus Vincent Trocheck in Rangers zone.
5:00 of 3rd period - Shot by Cody Ceci.
5:00 of 3rd period - Stopped by Andrei Vasilevskiy without a rebound.
5:01 of 3rd period - Vincent Trocheck wins face-off versus Nathan MacKinnon in Rangers zone.
6:20 of 3rd period - Shot by Ryan Suter.
6:20 of 3rd period - Shot Blocked by Alex Goligoski.
6:50 of 3rd period - Shot by Benoit Pouliot.
6:50 of 3rd period - Deflect By Jamie McGinn.
6:50 of 3rd period - Stopped by Connor Hellebuyck with a rebound.
6:53 of 3rd period - Icing by Tim Schaller.
6:54 of 3rd period - Nick Bonino wins face-off versus Tim Schaller in Penguins zone.
7:49 of 3rd period - Shot by Nikita Kucherov.
7:49 of 3rd period - Stopped by Andrei Vasilevskiy without a rebound.
7:50 of 3rd period - Pierre-Luc Dubois wins face-off versus Connor McDavid in Rangers zone.
7:52 of 3rd period - Phil Kessel is hit by Alex Goligoski and loses puck.
7:56 of 3rd period - Icing by James Neal.
7:57 of 3rd period - Pierre-Luc Dubois wins face-off versus Connor McDavid in Rangers zone.
8:25 of 3rd period - Minor Penalty to David Perron for High sticking.
8:26 of 3rd period - Tim Schaller wins face-off versus Alexander Radulov in Penguins zone.
8:55 of 3rd period - Shot by Alexander Radulov.
8:55 of 3rd period - Deflect By Anthony Mantha.
8:55 of 3rd period - Shot Misses the Net.
9:48 of 3rd period - Shot by James Neal.
9:48 of 3rd period - Shot Blocked by Mark Giordano.
9:50 of 3rd period - Shot by James Neal.
9:50 of 3rd period - Shot Misses the Net.
9:52 of 3rd period - Shot by Alex Goligoski.
9:52 of 3rd period - Goal by Alex Goligoski - Penguins : 2 - Rangers : 2.
9:53 of 3rd period - Nick Bonino wins face-off versus Pierre-Luc Dubois in neutral zone.
10:01 of 3rd period - Icing by Cody Ceci.
10:02 of 3rd period - Mark Letestu wins face-off versus Pierre-Luc Dubois in Penguins zone.
10:11 of 3rd period - Shot by Mark Letestu.
10:11 of 3rd period - Shot Blocked by Cody Ceci.
10:13 of 3rd period - Shot by Michael Del Zotto.
10:13 of 3rd period - Goal by Michael Del Zotto - Penguins : 2 - Rangers : 3.
10:14 of 3rd period - Nathan MacKinnon wins face-off versus Connor McDavid in neutral zone.
10:27 of 3rd period - Shot by Nathan MacKinnon.
10:27 of 3rd period - Shot Misses the Net.
10:29 of 3rd period - Shot by Ryan Suter.
10:29 of 3rd period - Shot Misses the Net.
11:42 of 3rd period - Shot by Vincent Trocheck.
11:42 of 3rd period - Shot Blocked by Ryan Ellis.
12:06 of 3rd period - Shot by Max Domi.
12:06 of 3rd period - Stopped by Andrei Vasilevskiy with a rebound.
12:26 of 3rd period - Shot by Clayton Keller.
12:26 of 3rd period - Shot Misses the Net.
12:30 of 3rd period - Shot by Clayton Keller.
12:30 of 3rd period - Stopped by Andrei Vasilevskiy without a rebound.
12:31 of 3rd period - Nick Bonino wins face-off versus Nathan MacKinnon in Rangers zone.
13:01 of 3rd period - Icing by Ryan Suter.
13:02 of 3rd period - Connor McDavid wins face-off versus Nathan MacKinnon in Penguins zone.
13:05 of 3rd period - Shot by Matt Niskanen.
13:05 of 3rd period - Shot Misses the Net.
13:07 of 3rd period - Shot by Ondrej Palat.
13:07 of 3rd period - Shot Misses the Net.
13:09 of 3rd period - Shot by James Neal.
13:09 of 3rd period - Stopped by Connor Hellebuyck with a rebound.
13:41 of 3rd period - Shot by James Neal.
13:41 of 3rd period - Stopped by Connor Hellebuyck without a rebound.
13:42 of 3rd period - Mark Letestu wins face-off versus Adrian Kempe in Penguins zone.
14:15 of 3rd period - Shot by Adrian Kempe.
14:15 of 3rd period - Shot Blocked by Michael Del Zotto.
14:48 of 3rd period - Minor Penalty to Jamie McGinn for Interference.
14:49 of 3rd period - Vincent Trocheck wins face-off versus Nathan MacKinnon in Rangers zone.
15:02 of 3rd period - Vincent Trocheck is hit by Nathan MacKinnon and loses puck.
15:21 of 3rd period - Shot by Mark Giordano.
15:21 of 3rd period - Stopped by Andrei Vasilevskiy without a rebound.
15:22 of 3rd period - Vincent Trocheck wins face-off versus Pierre-Luc Dubois in Rangers zone.
15:35 of 3rd period - Shot by Ryan Ellis.
15:35 of 3rd period - Shot Misses the Net.
15:37 of 3rd period - Shot by Ryan Ellis.
15:37 of 3rd period - Goal by Ryan Ellis - Penguins : 3 - Rangers : 3.
15:38 of 3rd period - Nick Bonino wins face-off versus Tim Schaller in neutral zone.
15:59 of 3rd period - Shot by Nick Bonino.
15:59 of 3rd period - Stopped by Connor Hellebuyck without a rebound.
16:00 of 3rd period - Pierre-Luc Dubois wins face-off versus Vincent Trocheck in Penguins zone.
16:04 of 3rd period - Ryan Suter is hit by Matt Niskanen and loses puck.
16:09 of 3rd period - Shot by Ryan Suter.
16:09 of 3rd period - Shot Misses the Net.
16:11 of 3rd period - Shot by Mark Giordano.
16:11 of 3rd period - Shot Misses the Net.
16:13 of 3rd period - Shot by Mark Giordano.
16:13 of 3rd period - Shot Misses the Net.
16:15 of 3rd period - Shot by Ryan Suter.
16:15 of 3rd period - Stopped by Andrei Vasilevskiy without a rebound.
16:16 of 3rd period - Connor McDavid wins face-off versus Nikita Kucherov in Rangers zone.
16:35 of 3rd period - Shot by James Neal.
16:35 of 3rd period - Shot Misses the Net.
16:56 of 3rd period - Shot by Ondrej Palat.
16:56 of 3rd period - Stopped by Connor Hellebuyck without a rebound.
16:57 of 3rd period - Vincent Trocheck wins face-off versus Pierre-Luc Dubois in Penguins zone.
17:31 of 3rd period - Off-side.
17:32 of 3rd period - Adrian Kempe wins face-off versus Noel Acciari in neutral zone.
17:46 of 3rd period - Off-side.
17:47 of 3rd period - Nathan MacKinnon wins face-off versus Ondrej Palat in neutral zone.
17:54 of 3rd period - Shot by Nikita Kucherov.
17:54 of 3rd period - Stopped by Andrei Vasilevskiy with a rebound.
18:20 of 3rd period - Shot by Nathan MacKinnon.
18:20 of 3rd period - Shot Hit the Post.
18:22 of 3rd period - Shot by Ryan Ellis.
18:22 of 3rd period - Stopped by Andrei Vasilevskiy without a rebound.
18:23 of 3rd period - Vincent Trocheck wins face-off versus Pierre-Luc Dubois in Rangers zone.
18:27 of 3rd period - Alex Goligoski is hit by Ryan Suter and loses puck.
18:44 of 3rd period - Shot by Alexander Radulov.
18:44 of 3rd period - Shot Misses the Net.
18:46 of 3rd period - Shot by Alexander Radulov.
18:46 of 3rd period - Shot Misses the Net.
18:48 of 3rd period - Shot by Vincent Trocheck.
18:48 of 3rd period - Shot Misses the Net.
18:50 of 3rd period - Shot by Alexander Radulov.
18:50 of 3rd period - Stopped by Connor Hellebuyck without a rebound.
18:51 of 3rd period - Nick Bonino wins face-off versus Adrian Kempe in Penguins zone.
19:57 of 3rd period - Icing by Olli Maatta.
19:58 of 3rd period - Connor McDavid wins face-off versus Adrian Kempe in Penguins zone.
19:58 of 3rd period - Connor McDavid is hit by Olli Maatta.
Goals for this period are 1 for Penguins vs 2 for Rangers.
Shots for this period are 12 for Penguins vs 8 for Rangers.

Overtime #1


0:01 of 1st overtime period - Vincent Trocheck wins face-off versus Nikita Kucherov in neutral zone.
0:16 of 1st overtime period - Shot by Nikita Kucherov.
0:16 of 1st overtime period - Shot Blocked by Alex Goligoski.
0:25 of 1st overtime period - Icing by Alex Goligoski.
0:26 of 1st overtime period - Vincent Trocheck wins face-off versus Nikita Kucherov in Rangers zone.
0:56 of 1st overtime period - Icing by Ryan Suter.
0:57 of 1st overtime period - Alexander Radulov wins face-off versus Nikita Kucherov in Penguins zone.
1:02 of 1st overtime period - Shot by Alexander Radulov.
1:02 of 1st overtime period - Shot Misses the Net.
1:04 of 1st overtime period - Shot by Nick Leddy.
1:04 of 1st overtime period - Stopped by Connor Hellebuyck without a rebound.
1:05 of 1st overtime period - Nathan MacKinnon wins face-off versus Alexander Radulov in Penguins zone.
1:23 of 1st overtime period - Shot by Nathan MacKinnon.
1:23 of 1st overtime period - Stopped by Andrei Vasilevskiy without a rebound.
1:24 of 1st overtime period - Connor McDavid wins face-off versus Nikita Kucherov in Rangers zone.
1:40 of 1st overtime period - Shot by Nikita Kucherov.
1:40 of 1st overtime period - Stopped by Andrei Vasilevskiy without a rebound.
1:41 of 1st overtime period - Connor McDavid wins face-off versus Nathan MacKinnon in Rangers zone.
1:49 of 1st overtime period - Shot by Alex Goligoski.
1:49 of 1st overtime period - Shot Misses the Net.
1:51 of 1st overtime period - Shot by Connor McDavid.
1:51 of 1st overtime period - Stopped by Connor Hellebuyck without a rebound.
1:52 of 1st overtime period - Vincent Trocheck wins face-off versus Nikita Kucherov in Penguins zone.
2:22 of 1st overtime period - Shot by Jonathan Huberdeau.
2:22 of 1st overtime period - Goal by Jonathan Huberdeau - Penguins : 4 - Rangers : 3.
Goals for this period are 1 for Penguins vs 0 for Rangers.
Shots for this period are 3 for Penguins vs 2 for Rangers.